 Dungeon Crawl Stone Soup version 0.19-a0-1882-gbb73ea0 (webtiles) character file.

3810 Amnesiac the Fighter (level 10, -3/111 HPs)
             Began as an Ogre Wizard on Oct 14, 2016.
             Was a Believer of Sif Muna.
             Slain by a howler monkey skeleton (6 damage)
             ... on level 8 of the Dungeon.
             The game lasted 00:40:36 (12119 turns).

Amnesiac the Fighter (Ogre Wizard)                 Turns: 12119, Time: 00:40:37

Health: -3/111     AC:  6    Str: 12    XL:     10   Next: 17%
Magic:  1/15       EV: 13    Int: 20    God:    Sif Muna [**....]
Gold:   497        SH:  0    Dex: 10    Spells: 6 memorised, 1 level left

rFire  . . .     SeeInvis .     B - +3 quarterstaff (chaos)
rCold  + . .     Gourm    .     u - +2 robe {rC+}
rNeg   + . .     Faith    .     (shield currently unavailable)
rPois  .         Spirit   .     b - +0 hat
rElec  .         Dismiss  .     C - +0 cloak
rCorr  .         Reflect  .     (gloves unavailable)
MR     +....     Harm     .     (boots unavailable)
Stlth  ++........               i - amulet of rage
                                m - ring of flight
                                k - ring of positive energy

@: repel missiles, divine energy
A: unfitting armour, thin skeletal structure 1, blurry vision 1, tough skin 1,
weak 1
a: Stop Divine Energy, Renounce Religion, Evoke Berserk Rage, Evoke Flight


You were on level 8 of the Dungeon.
You worshipped Sif Muna.
Sif Muna was pleased with you.
You were hungry.

You visited 2 branches of the dungeon, and saw 9 of its levels.

You collected 497 gold pieces.

Inventory:

Hand Weapons
 a - a +2 dire flail of protection
 B - a +3 quarterstaff of chaos (weapon)
Armour
 b - a +0 hat (worn)
 u - a +2 robe of cold resistance (worn)
 C - a +0 cloak (worn)
Magical Staves
 j - an uncursed staff of wizardry
Jewellery
 i - an amulet of rage (around neck)
 k - a ring of positive energy (left hand)
 m - a ring of flight (right hand)
 D - a +3 ring of protection {unknown}
 G - a +2 ring of strength {unknown}
Wands
 F - a wand of enslavement (14/24)
Scrolls
 f - a scroll of teleportation {unknown}
 h - 2 scrolls of enchant armour
 l - 5 scrolls of remove curse
 p - 4 scrolls of amnesia
 q - 6 scrolls of identify
 t - a scroll of fear
 v - a scroll of enchant weapon
 x - 4 scrolls of blinking {unknown}
 y - 2 scrolls of fog
 H - a scroll of magic mapping
Potions
 e - 2 potions of haste {unknown}
 g - 2 potions of cure mutation {unknown}
 o - a potion of heal wounds {unknown}
 r - a potion of flight
 w - a potion of berserk rage
 z - 3 potions of might
 A - a potion of brilliance {unknown}
 E - 2 potions of curing
Books
 c - a book of Minor Magic

   Spells                             Type                      Level
   a - Magic Dart                     Conjuration                  1
   b - Blink                          Translocation                2
   c - Call Imp                       Summoning                    2
   d - Repel Missiles                 Charms/Air                   2
   e - Slow                           Hexes                        2
   f - Conjure Flame                  Conjuration/Fire             3
   g - Mephitic Cloud                 Conjuration/Poison/Air       3
 s - a book of Maledictions

   Spells                             Type                      Level
   a - Corona                         Hexes                        1
   b - Ensorcelled Hibernation        Hexes/Ice                    2
   c - Confuse                        Hexes                        3
   d - Tukima's Dance                 Hexes                        3
   e - Dazzling Spray                 Conjuration/Hexes            3
Comestibles
 d - 6 bread rations
 n - 4 meat rations
 I - 3 chunks of flesh


   Skills:
 - Level 10.6 Fighting
 - Level 8.1 Dodging
 - Level 1.4 Stealth
 - Level 3.6 Spellcasting
 + Level 6.0 Conjurations
 - Level 0.6 Summonings
 - Level 0.6 Translocations


You had one spell level left.
You knew the following spells:

 Your Spells              Type           Power        Failure   Level  Hunger
a - Repel Missiles        Chrm/Air       #.....       24%         2    ##.....
b - Blink                 Tloc           N/A          17%         2    ##.....
d - Call Imp              Summ           #.......     17%         2    ##.....
e - Mephitic Cloud        Conj/Pois/Air  ##......     21%         3    ###....
f - Dazzling Spray        Conj/Hex       ###...       14%         3    ###....
s - Conjure Flame         Conj/Fire      ###.....     14%         3    ###....


Dungeon Overview and Level Annotations

Branches:
Dungeon (8/15)             Temple (1/1) D:6
   Lair: D:8-11

Altars:
Ashenzari
Cheibriados
Dithmenos
Elyvilon
Fedhas
Gozag
Hepliaklqana
Kikubaaqudgha
Makhleb
Nemelex Xobeh
Okawaru
Qazlal
Ru
Sif Muna
Trog
Uskayaw
Vehumet
Xom
Yredelemnul
Zin
The Shining One

Shops:
D:8 (


Innate Abilities, Weirdness & Mutations

You are too large for most types of armour.
You have tough skin. (AC +1)
You have a somewhat thin skeletal structure. (Dex +2, Stealth)
Scrolls take you a little longer to read.
You are weak. (Str -2)


Message History

The howler monkey skeleton appears unharmed.
The stinking cloud engulfs the centaur.
The stinking cloud engulfs you!
You are engulfed in noxious fumes.
You choke on the stench!
You are confused.
* * * LOW HITPOINT WARNING * * *
The howler monkey skeleton barely misses you.
Unknown command.
You feel less confused.
The centaur is engulfed in noxious fumes.
The centaur appears confused.
You hit the howler monkey skeleton.
The howler monkey skeleton flickers and vanishes!
Something hits you.
* * * LOW HITPOINT WARNING * * *
You barely miss something. Something hits you.
* * * LOW HITPOINT WARNING * * *
Something hits you.
* * * LOW HITPOINT WARNING * * *
You barely miss something. Something hits you.
You die...

###############.#
#.....c.{@......#
#.#############.#
#.# #.# #.# #.#
#####c#
####..(..##
...#..###......


You could see a centaur (confused).

Vanquished Creatures
  Eustachio (D:4)
  Menkaure (D:5)
  2 hungry ghosts
  Edmund (D:6)
  Duvessa (D:4)
  2 sky beasts
  A black bear (D:8)
  2 phantoms
  An orc warrior (D:7)
  A necrophage (D:7)
  4 centaurs
  4 ogres
  A big kobold (D:7)
  2 bullfrogs
  Blork the orc (D:5)
  5 scorpions
  Dowan (D:4)
  2 crimson imps
  A howler monkey (D:6)
  A bullfrog zombie (D:6)
  3 hounds
  2 centaur skeletons
  An orc priest (D:7)
  Crazy Yiuf (D:3)
  2 orc wizards
  A bullfrog skeleton (D:7)
  2 iguanas
  7 worker ants
  A hound skeleton (D:5)
  7 gnolls
  14 adders
  3 shadow imps
  An ooze (D:1)
  2 worms (D:2)
  3 dart slugs
  4 leopard geckos
  37 orcs
  4 bats
  6 giant cockroaches
  8 goblins
  7 hobgoblins
  2 jackals (D:4)
  5 quokkas
  3 ball pythons
  3 frilled lizards
  13 kobolds
  2 quokka skeletons
  9 rats
188 creatures vanquished.

Vanquished Creatures (collateral kills)
  The ghost of dvd the Stinger, an amateur OpVM (D:4)
  Sigmund (D:4)
  An ice beast (D:5)
  A howler monkey (D:4)
  2 iguanas (D:4)
6 creatures vanquished.

Grand Total: 194 creatures vanquished

Notes
Turn   | Place    | Note
-------+----------+-------------------------------------------
     0 | D:1      | Amnesiac the Ogre Wizard began the quest for the Orb.
     0 | D:1      | Reached XP level 1. HP: 16/16 MP: 5/5
   124 | D:1      | Found a shimmering altar of Xom.
   126 | D:1      | Found a bloodstained altar of Trog.
   126 | D:1      | Found a deep blue altar of Sif Muna.
   130 | D:1      | Found a radiant altar of Vehumet.
   130 | D:1      | Found a shadowy altar of Dithmenos.
   130 | D:1      | Found a glowing golden altar of the Shining One.
   151 | D:1      | Reached skill level 1 in Fighting
   367 | D:2      | Reached XP level 2. HP: 26/27 MP: 2/6
   462 | D:3      | Learned a level 2 spell: Call Imp
   473 | D:4      | Noticed Dowan
   524 | D:4      | Noticed a howler monkey
   537 | D:4      | Reached skill level 2 in Fighting
   541 | D:4      | Killed a howler monkey
   541 | D:4      | Reached XP level 3. HP: 36/36 MP: 1/8
   551 | D:4      | Learned a level 3 spell: Mephitic Cloud
   555 | D:4      | Learned a level 3 spell: Conjure Flame
   629 | D:4      | Noticed dvd's ghost (amateur OpVM)
   648 | D:4      | Killed dvd's ghost
   648 | D:4      | Reached skill level 4 in Fighting
   648 | D:4      | Reached XP level 4. HP: 38/48 MP: 2/9
   648 | D:4      | Reached XP level 5. HP: 43/54 MP: 2/10
   752 | D:4      | Learned a level 2 spell: Repel Missiles
   832 | D:4      | Noticed Sigmund
   902 | D:4      | Killed Sigmund
   902 | D:4      | Reached skill level 5 in Fighting
   902 | D:4      | Reached XP level 6. HP: 40/66 MP: 1/11
  1441 | D:4      | Noticed Duvessa
  1935 | D:4      | Noticed Eustachio
  1979 | D:4      | Killed Eustachio
  1979 | D:4      | Reached skill level 6 in Fighting
  1979 | D:4      | Reached XP level 7. HP: 51/76 MP: 2/12
  2149 | D:4      | Reached skill level 5 in Dodging
  2674 | D:4      | Killed Dowan
  2674 | D:4      | Reached skill level 7 in Fighting
  2769 | D:4      | Killed Duvessa
  2788 | D:4      | You fall through a shaft!
  2788 | D:5      | Entered Level 5 of the Dungeon
  2887 | D:5      | Noticed Menkaure
  3385 | D:5      | Reached XP level 8. HP: 78/88 MP: 2/13
  3812 | D:5      | Reached skill level 8 in Fighting
  3862 | D:5      | Killed Menkaure
  4507 | D:5      | Reached skill level 9 in Fighting
  4738 | D:5      | Noticed Blork the orc
  4764 | D:5      | Killed Blork the orc
  5257 | D:6      | Noticed Edmund
  5308 | D:6      | Killed Edmund
  5517 | D:6      | Reached XP level 9. HP: 75/101 MP: 8/14
  5525 | D:6      | Reached skill level 10 in Fighting
  5700 | D:6      | Found an iron altar of Okawaru.
  6281 | D:6      | Found a staircase to the Ecumenical Temple.
  6288 | Temple   | Entered the Ecumenical Temple
  6324 | Temple   | Became a worshipper of Sif Muna the Loreminder
  6357 | D:6      | Reached skill level 1 in Conjurations
  6365 | D:6      | Gained mutation: You are frail. (-10% HP) [mutagenic meat]
  6770 | D:6      | Learned a level 3 spell: Dazzling Spray
  9448 | D:3      | Found a runed door.
  9889 | D:3      | Noticed Crazy Yiuf
  9897 | D:3      | Killed Crazy Yiuf
 10311 | D:7      | Reached * piety under Sif Muna
 11320 | D:8      | Learned a level 2 spell: Blink
 11424 | D:8      | Reached ** piety under Sif Muna
 11424 | D:8      | Reached skill level 5 in Conjurations
 11424 | D:8      | Reached XP level 10. HP: 82/98 MP: 5/15
 11584 | D:8      | Gained mutation: You are weak. (Str -2) [mutagenic meat]
 11587 | D:8      | Gained mutation: You have a somewhat thin skeletal structure. (Dex +2, Stealth) [mutagenic meat]
 11590 | D:8      | Gained mutation: Scrolls take you a little longer to read. [mutagenic meat]
 11593 | D:8      | Lost mutation: You are frail. (-10% HP) [mutagenic meat]
 11968 | D:8      | Found Adajimp's Weapon Boutique.
 12088 | D:8      | HP: 4/110 [centaur/arrow (12)]
 12118 | D:8      | HP: 3/111 [something (4)]
 12119 | D:8      | Slain by a howler monkey skeleton

Vault maps used:
D:1:      roderic_chinese_lattice_arrival, kennysheep_minor_cross,
          solitary_fountain, st_stairs_7, doesnt_xom_only_xom
D:2:      first_bread
D:3:      uniq_crazy_yiuf_cottage
D:4:      uniq_sigmund, uniq_duvessa, uniq_eustachio
D:5:      uniq_blork_the_orc, uniq_menkaure
D:6:      okawaru_altar_gauntlet_db, uniq_edmund
D:8:      minmay_blocky_corners, the_bakery, kennysheep_small_square
Temple:   nicolae_temple_the_god_donut

Skill      XL: |  1  2  3  4  5  6  7  8  9 10 |
---------------+-------------------------------+-----
Dodging        | 2 3 4 5 7 8 |  8.1
Fighting       | 1 2 4 5 6 7 9 10 | 10.6
Conjurations   | 5 6 |  6.0
Stealth        | |  1.4
Spellcasting   | |  3.6
Summonings     | |  0.6
Translocations | |  0.6

Action                   |  1- 3 |  4- 6 |  7- 9 | 10-12 || total
-------------------------+-------+-------+-------+-------++-------
Melee: Unarmed           |     4 |    65 |       |       ||    69
       Hand axe          |       |    28 |   256 |       ||   284
       Dire flail        |       |       |   263 |       ||   263
       Quarterstaff      |       |       |   102 |    44 ||   146
 Cast: Magic Dart        |    18 |    56 |   101 |       ||   175
       Call Imp          |     6 |     3 |     9 |       ||    18
       Mephitic Cloud    |       |    10 |    19 |     3 ||    32
       Repel Missiles    |       |     1 |     2 |       ||     3
       Conjure Flame     |       |       |    10 |     1 ||    11
       Dazzling Spray    |       |       |    97 |    19 ||   116
Invok: Divine Energy     |       |       |     1 |       ||     1
 Abil: Evoke Berserk Rag |       |       |     2 |       ||     2
  Use: Scroll            |       |       |     9 |       ||     9
       Potion            |       |       |     3 |     1 ||     4
 Stab: Sleeping          |     1 |       |       |       ||     1
       Confused          |       |     7 |    11 |       ||    18
       Invisible         |       |       |     1 |     2 ||     3
  Eat: Chunk             |       |     4 |    34 |     7 ||    45
       Bread ration      |       |       |     2 |       ||     2
       Beef jerky        |       |       |     2 |       ||     2
       Meat ration       |       |       |     1 |       ||     1
       Pizza             |       |       |     1 |       ||     1
       Royal jelly       |       |       |       |     1 ||     1
Armor: Robe              |     3 |     6 |   191 |    15 ||   215
Dodge: Dodged            |     2 |    43 |   436 |    71 ||   552
       Deflected         |       |       |     4 |       ||     4
